 Dungeon Crawl Stone Soup version 0.20.0-7-g3b7b877 (webtiles) character file.

527 Inarius the Magician (level 7, -2/51 HPs)
             Began as a Purple Draconian Venom Mage on May 29, 2017.
             Slain by Grinder (9 damage)
             ... on level 4 of the Dungeon.
             The game lasted 00:17:28 (5299 turns).

Inarius the Magician (Purple Draconian Venom Mage)  Turns: 5299, Time: 00:17:29

Health: -2/51      AC:  7    Str: 10    XL:     7   Next: 2%
Magic:  14/14      EV: 12    Int: 18    God:
Gold:   121        SH:  3    Dex: 11    Spells: 8/15 levels left

rFire    . . .     SeeInvis .   o - +3 dagger (freeze)
rCold    . . .     Gourm    .   r - +0 buckler
rNeg     + . .     Faith    .   (armour unavailable)
rPois    +         Spirit   .   (helmet restricted)
rElec    .         Reflect  .   (no cloak)
rCorr    .         Harm     .   (no gloves)
MR       +....                  j - +0 pair of boots
Stlth    ++........             (no amulet)
Regen    0.2/turn               i - ring of poison resistance
MPRegen  0.2/turn               q - ring of positive energy

@: hasted, very quick
A: breathe power, unfitting armour, cold-blooded, AC +6
a: Breathe Dispelling Energy


You were on level 4 of the Dungeon.
You were not hungry.

You visited 1 branch of the dungeon, and saw 4 of its levels.

You collected 121 gold pieces.

Inventory:

Hand Weapons
 e - a +0 hunting sling
 o - a +3 dagger of freezing (weapon)
Missiles
 p - 14 tomahawks (quivered)
Armour
 j - a +0 pair of boots (worn)
 r - a +0 buckler (worn)
Jewellery
 i - a ring of poison resistance (left hand)
 q - a ring of positive energy (right hand)
Wands
 u - a wand of polymorph (5/24)
Scrolls
 d - 3 scrolls of teleportation {unknown}
 k - 2 scrolls of remove curse {unknown}
 l - 2 scrolls of magic mapping {unknown}
 v - a scroll of fog {unknown}
 x - a scroll of recharging {unknown}
Potions
 c - a potion of lignification
 f - 4 potions of curing
 h - a potion of brilliance
 m - a potion of cancellation
 n - a potion of haste
 s - a potion of invisibility
 w - 2 potions of heal wounds {unknown}
 z - a potion of resistance {unknown}
Books
 a - a Young Poisoner's Handbook

   Spells                             Type                      Level
   a - Sting                          Conjuration/Poison           1
   b - Poisonous Vapours              Poison/Air                   2
   c - Mephitic Cloud                 Conjuration/Poison/Air       3
   d - Olgreb's Toxic Radiance        Poison                       4
   e - Venom Bolt                     Conjuration/Poison           5
Comestibles
 b - 4 bread rations
 g - a royal jelly
 t - a chunk of flesh


   Skills:
 + Level 0.7 Fighting
 - Level 0.4 Short Blades
 * Level 3.2 Dodging
 - Level 1.7 Stealth
 * Level 0.8 Shields
 + Level 4.9 Spellcasting
 * Level 2.6 Conjurations
 + Level 2.0 Air Magic
 + Level 4.7 Poison Magic


You had 8 spell levels left.
You knew the following spells:

 Your Spells              Type           Power        Failure   Level  Hunger
a - Sting                 Conj/Pois      ###.         4%          1    None
b - Poisonous Vapours     Pois/Air       ###...       8%          2    #......
c - Olgreb's Toxic Radia  Pois           ###.....     28%         4    ####...


Dungeon Overview and Level Annotations

Branches:
Dungeon (4/15)
 Temple: D:4-7

Altars:
Ru

Annotations:
D:4 Grinder


Innate Abilities, Weirdness & Mutations

You can breathe bolts of dispelling energy.
Your rich purple scales are hard. (AC +6)
You cannot fit into any form of body armour.
You are cold-blooded and may be slowed by cold attacks.


Message History

Grinder is heavily wounded.
Grinder gestures at you.
You easily resist.
Your shield prevents you from hitting Grinder.
Grinder is heavily wounded.
Grinder hits you!
* * * LOW HITPOINT WARNING * * *
You writhe in agony.
* * * LOW HITPOINT WARNING * * *
You hit Grinder.
Your tail-slap misses Grinder.
Grinder is severely wounded.
You hit Grinder but do no damage.
Grinder is severely wounded.
Grinder barely misses you.
You closely miss Grinder.
Grinder is severely wounded.
You barely miss Grinder.
Grinder is severely wounded.
Grinder hits you!
You die...

......#....######.#.#.## #.#
#######................# #.#
.....##....######.#....# #.#
.....####...<...#.##...# #.#
...........(......##...# #.#
##'##################..########.#
#.#....#............>..........#
#.#.##.#.#######################
#.#.##.#.#.#(..@5......
#.#.##.#.#.#.##########
#.#<..)#...#.# #.#.######.#.####
#.#......#.#....#
#.######.#.####.# #.# #.#.# #.#
#.# #.#.# #.# #.######.#.# #.#


You could see Grinder.

Vanquished Creatures
  Sigmund (D:2)
  A scorpion (D:4)
  A jelly (D:4)
  A centaur skeleton (D:4)
  Ijyb (D:3)
  Natasha (twice) (D:4)
  Robin (D:4)
  4 adders
  2 adder zombies (D:1)
  4 worms
  6 dart slugs
  4 leopard geckos
  6 orcs
  3 ball pythons
  6 giant cockroaches
  16 goblins
  9 hobgoblins
  2 jackals (D:2)
  11 bats
  2 frilled lizards
  15 kobolds
  A leopard gecko skeleton (D:4)
  10 rats
109 creatures vanquished.

Vanquished Creatures (others)
  A plant (D:1)
1 creature vanquished.

Grand Total: 110 creatures vanquished

Notes
Turn   | Place    | Note
-------+----------+-------------------------------------------
     0 | D:1      | Inarius the Draconian Venom Mage began the quest for the Orb.
     0 | D:1      | Reached XP level 1. HP: 14/14 MP: 3/3
   449 | D:1      | Reached XP level 2. HP: 20/20 MP: 3/5
   643 | D:1      | Learned a level 2 spell: Poisonous Vapours
   834 | D:1      | Reached XP level 3. HP: 27/27 MP: 3/6
  1857 | D:2      | Noticed Sigmund
  2078 | D:2      | Killed Sigmund
  2078 | D:2      | Reached XP level 4. HP: 22/34 MP: 1/9
  2078 | D:2      | Reached XP level 5. HP: 25/39 MP: 1/10
  2201 | D:2      | Reached skill level 1 in Air Magic
  2309 | D:2      | Learned a level 4 spell: Olgreb's Toxic Radiance
  2425 | D:2      | Found a sacrificial altar of Ru.
  2597 | D:2      | Reached XP level 6. HP: 46/46 MP: 9/11
  3358 | D:3      | Noticed Ijyb
  3363 | D:3      | Killed Ijyb
  4305 | D:4      | Noticed Grinder
  4401 | D:4      | Noticed Natasha
  4406 | D:4      | Killed Natasha
  4624 | D:4      | Noticed Robin
  4626 | D:4      | Killed Robin
  4924 | D:4      | Noticed Natasha
  4929 | D:4      | Killed Natasha
  4929 | D:4      | Your scales start taking on a rich purple colour.
  4929 | D:4      | Reached XP level 7. HP: 39/51 MP: 7/14
  5282 | D:4      | Paralysed by Grinder for 4 turns
  5299 | D:4      | Slain by Grinder

Skill      XL: |  1  2  3  4  5  6 |
---------------+-------------------+-----
Dodging        | 2 3 |  3.2
Spellcasting   | 3 4 |  4.9
Conjurations   | 2 |  2.6
Poison Magic   | 4 |  4.7
Air Magic      | 1 2 |  2.0
Fighting       | |  0.7
Short Blades   | |  0.4
Stealth        | |  1.7
Shields        | |  0.8

Action                   |  1- 3 |  4- 6 |  7- 9 || total
-------------------------+-------+-------+-------++-------
Melee: Unarmed           |    47 |       |       ||    47
       Tailslap          |    18 |     3 |       ||    21
       Dagger            |    77 |    38 |    27 ||   142
Throw: Tomahawk          |       |       |     1 ||     1
 Cast: Sting             |    65 |    40 |     1 ||   106
       Poisonous Vapours |    13 |    45 |     1 ||    59
       Olgreb's Toxic Ra |       |     3 |       ||     3
  Use: Scroll            |       |     7 |       ||     7
       Potion            |       |       |     1 ||     1
 Stab: Sleeping          |     1 |       |       ||     1
  Eat: Chunk             |     5 |     8 |       ||    13
       Bread ration      |       |     1 |       ||     1
Armor: Skin              |    42 |    12 |     7 ||    61
Dodge: Dodged            |    71 |    31 |     9 ||   111
Block: Buckler           |       |     2 |     1 ||     3
